 Dungeon Crawl Stone Soup version 0.25.0-11-g1f837a7 (webtiles) character file.

Game seed: 913191210438597555

378 ratboy the Fighter (level 6, -5/57 HPs)
             Began as a Gnoll Wanderer on June 27, 2020.
             Slain by Blork the orc
             ... wielding a +0 trident of venom
              (7 damage)
             ... on level 4 of the Dungeon.
             The game lasted 00:10:04 (5225 turns).

ratboy the Fighter (Gnoll Wanderer)                 Turns: 5225, Time: 00:10:04

Health: -5/57      AC:  4    Str: 15    XL:     6   Next: 74%
Magic:  9/9        EV: 11    Int: 20    God:
Gold:   141        SH:  9    Dex: 16    Spells: 9/9 levels left

rFire    . . .     SeeInvis .   a - +0 spear
rCold    . . .     Gourm    .   o - +0 kite shield
rNeg     . . .     Faith    .   d - +0 robe
rPois    .         Spirit   .   C - +0 helmet
rElec    .         Reflect  .   r - +0 cloak
rCorr    .         Harm     .   (no gloves)
MR       .....                  (no boots)
Stlth    ++........             k - amulet of the acrobat
HPRegen  0.19/turn              l - ring of wizardry
MPRegen  0.11/turn              v - +6 ring of intelligence

@: brilliant, lethally poisoned (-5 -> -17), hasted, very quick
A: distributed training, fangs 1, strong nose
a: no special abilities


You were on level 4 of the Dungeon.
You were not hungry.

You visited 1 branch of the dungeon, and saw 4 of its levels.

You collected 141 gold pieces.

Inventory:

Hand Weapons
 a - a +0 spear (weapon)
 b - a +0 hunting sling
 c - a +0 short sword
 x - a +1 antimagic flail
 B - a cursed +0 whip
Missiles
 n - 7 poisoned darts (quivered)
 p - 69 stones
 q - 21 sling bullets
Armour
 d - a +0 robe (worn)
 o - a +0 kite shield (worn)
 r - a +0 cloak (worn)
 C - a +0 helmet (worn)
Jewellery
 k - an amulet of the acrobat (around neck)
 l - a ring of wizardry (left hand)
 v - a +6 ring of intelligence (right hand)
Wands
 t - a wand of iceblast (10)
Scrolls
 e - a scroll of enchant armour {unknown}
 h - 5 scrolls of identify {unknown}
 i - a scroll of blinking {unknown}
 j - 4 scrolls of remove curse {unknown}
 m - a scroll of amnesia {unknown}
 s - a scroll of noise {unknown}
 y - a scroll of magic mapping {unknown}
Comestibles
 f - 4 rations
 w - 3 chunks of flesh


   Skills:
 + Level 8.8 Fighting
 + Level 5.0 Short Blades
 + Level 2.0 Long Blades
 + Level 2.0 Axes
 + Level 2.0 Maces & Flails
 + Level 2.0 Polearms
 + Level 2.0 Staves
 + Level 2.0 Slings
 + Level 2.0 Bows
 + Level 2.0 Crossbows
 + Level 2.0 Throwing
 + Level 2.0 Armour
 + Level 3.3 Dodging
 + Level 2.0 Stealth
 + Level 3.3 Shields
 + Level 3.3 Unarmed Combat
 + Level 2.0 Spellcasting
 + Level 1.6 Conjurations
 + Level 1.6 Hexes
 + Level 1.6 Charms
 + Level 1.6 Summonings
 + Level 1.6 Necromancy
 + Level 1.6 Translocations
 + Level 1.6 Transmutations
 + Level 1.6 Fire Magic
 + Level 1.6 Ice Magic
 + Level 1.6 Air Magic
 + Level 1.6 Earth Magic
 + Level 1.6 Poison Magic
 + Level 2.2 Invocations
 + Level 3.3 Evocations


You had 9 spell levels left.
You didn't know any spells.
Your spell library was empty.

Dungeon Overview and Level Annotations

Branches:
Dungeon (4/15)
 Temple: D:4-7

Altars:
Okawaru
Wu Jian
Xom

Annotations:
D:4 Blork the orc


Innate Abilities, Weirdness & Mutations

Your experience applies equally to all skills.
You have very sharp teeth.
Your uncanny sense of smell can sniff out nearby items.


Message History

Blork the orc hits you with a +0 trident of venom.
* * * LOW HITPOINT WARNING * * *
You are more poisoned.
You hit Blork the orc but do no damage.
Blork the orc is heavily wounded.
* * * LOW HITPOINT WARNING * * *
You feel sick.
Blork the orc screams, "I'll decorate my home with your organs!"
You block Blork the orc's attack.
You hit Blork the orc.
Blork the orc is heavily wounded.
* * * LOW HITPOINT WARNING * * *
You feel sick.
Blork the orc looks braver for a moment.
You hit Blork the orc.
Blork the orc is severely wounded.
* * * LOW HITPOINT WARNING * * *
You feel sick.
Blork the orc hits you with a +0 trident of venom!
You die...

.##########
#.........#
#.........#
#.........###
#............
#..........#
#.<........##
#..$.........
#....go...#
#.........#
#)........#
###########


You could see Blork the orc (fast).

Vanquished Creatures
  3 killer bees (D:2)
  An orc priest (D:2)
  Robin (D:2)
  4 gnolls (D:3)
  5 adders
  2 oozes
  2 worms (D:3)
  A dart slug (D:2)
  2 leopard geckos
  8 orcs
  4 ball pythons
  6 giant cockroaches
  15 goblins
  6 hobgoblins
  6 jackals
  7 kobolds
  5 quokkas
  12 bats
  6 frilled lizards
  5 rats
101 creatures vanquished.

Notes
Turn   | Place    | Note
-------+----------+-------------------------------------------
     0 | D:1      | ratboy the Gnoll Wanderer began the quest for the Orb.
     0 | D:1      | ratboy set off with the following items: a +0 spear, a +0
                  | kite shield, a +0 short sword, a +0 robe, a ration
     0 | D:1      | Reached XP level 1. HP: 26/26 MP: 2/2
   109 | D:1      | Reached XP level 2. HP: 31/33 MP: 3/3
   271 | D:1      | Found a shimmering altar of Xom.
   403 | D:1      | Reached XP level 3. HP: 38/38 MP: 4/4
   893 | D:2      | Noticed a killer bee
   915 | D:2      | Found an iron altar of Okawaru.
   966 | D:2      | Reached skill level 1 in Invocations
  1341 | D:2      | Noticed Robin
  1343 | D:2      | Reached skill level 1 in Long Blades
  1343 | D:2      | Reached skill level 1 in Axes
  1343 | D:2      | Reached skill level 1 in Maces & Flails
  1343 | D:2      | Reached skill level 1 in Polearms
  1343 | D:2      | Reached skill level 1 in Staves
  1343 | D:2      | Reached skill level 1 in Slings
  1343 | D:2      | Reached skill level 1 in Bows
  1343 | D:2      | Reached skill level 1 in Crossbows
  1343 | D:2      | Reached skill level 1 in Throwing
  1343 | D:2      | Reached skill level 1 in Armour
  1343 | D:2      | Reached skill level 1 in Stealth
  1343 | D:2      | Reached skill level 1 in Spellcasting
  1381 | D:2      | Reached XP level 4. HP: 29/45 MP: 6/6
  1546 | D:2      | Killed Robin
  1857 | D:2      | Reached skill level 1 in Conjurations
  1857 | D:2      | Reached skill level 1 in Hexes
  1857 | D:2      | Reached skill level 1 in Charms
  1857 | D:2      | Reached skill level 1 in Summonings
  1857 | D:2      | Reached skill level 1 in Necromancy
  1857 | D:2      | Reached skill level 1 in Translocations
  1857 | D:2      | Reached skill level 1 in Transmutations
  1857 | D:2      | Reached skill level 1 in Fire Magic
  1857 | D:2      | Reached skill level 1 in Ice Magic
  1857 | D:2      | Reached skill level 1 in Air Magic
  1857 | D:2      | Reached skill level 1 in Earth Magic
  1857 | D:2      | Reached skill level 1 in Poison Magic
  1957 | D:2      | Reached XP level 5. HP: 7/51 MP: 7/7
  2796 | D:2      | Found an ornate altar of the Wu Jian Council.
  3102 | D:2      | Reached XP level 6. HP: 31/57 MP: 8/8
  3696 | D:3      | Reached skill level 5 in Short Blades
  5200 | D:4      | Noticed Blork the orc
  5225 | D:4      | HP: 2/57 [poisoned by Blork the orc]
  5225 | D:4      | Slain by Blork the orc

Illustrated notes

Levels and vault maps discovered:
D:1:      minmay_arrival_hallway, layout_loops_ring, st_stairs_7,
          minmay_misc_feat_nine_boxes, xom_teletrap_fun
D:2:      layout_loops_corners, lemuel_doored_altar, lemuel_round_altar,
          first_ration, kennysheep_generic_room_16, uniq_robin
D:3:      layout_basic
D:4:      layout_rooms, serial_shops, nicolae_shop_window_shopping,
          uniq_blork_the_orc, uniq_menkaure

Skill      XL: |  1  2  3  4  5  6 |
---------------+-------------------+-----
Invocations    | 1 2 |  2.2
Long Blades    | 1 2 |  2.0
Axes           | 1 2 |  2.0
Maces & Flails | 1 2 |  2.0
Polearms       | 1 2 |  2.0
Staves         | 1 2 |  2.0
Slings         | 1 2 |  2.0
Bows           | 1 2 |  2.0
Crossbows      | 1 2 |  2.0
Throwing       | 1 2 |  2.0
Armour         | 1 2 |  2.0
Stealth        | 1 2 |  2.0
Spellcasting   | 1 2 |  2.0
Conjurations   | 1 |  1.6
Hexes          | 1 |  1.6
Charms         | 1 |  1.6
Summonings     | 1 |  1.6
Necromancy     | 1 |  1.6
Translocations | 1 |  1.6
Transmutations | 1 |  1.6
Fire Magic     | 1 |  1.6
Ice Magic      | 1 |  1.6
Air Magic      | 1 |  1.6
Earth Magic    | 1 |  1.6
Poison Magic   | 1 |  1.6
Dodging        | 3 |  3.3
Shields        | 3 |  3.3
Unarmed Combat | 3 |  3.3
Evocations     | 3 |  3.3
Short Blades   | 5 |  5.0
Fighting       | |  8.8

Action                   |  1- 3 |  4- 6 || total
-------------------------+-------+-------++-------
Melee: Spear             |   130 |   308 ||   438
       Bite              |    14 |    28 ||    42
Throw: Dart              |       |    19 ||    19
  Use: Potion            |       |     5 ||     5
 Stab: Distracted        |     1 |       ||     1
       Sleeping          |     3 |     7 ||    10
  Eat: Chunk             |     2 |     9 ||    11
       Ration            |       |     1 ||     1
Armor: Robe              |    17 |    45 ||    62
Dodge: Dodged            |    53 |   130 ||   183
Block: Kite shield       |    46 |   150 ||   196
